 Dungeon Crawl Stone Soup version 0.23.0 (webtiles) character file.

Game seed: 11821416242046381818

2 vishdafish the Ogre Mage (level 1, -2/18 HPs)
             Began as an Ogre Wizard on Feb 17, 2019.
             Slain by a rat (3 damage)
             ... on level 1 of the Dungeon.
             The game lasted 00:00:48 (72 turns).

vishdafish the Ogre Mage (Ogre Wizard)                Turns: 72, Time: 00:00:48

Health: -2/18      AC:  3    Str: 10    XL:     1   Next: 40%
Magic:  0/5        EV: 10    Int: 19    God:
Gold:   0          SH:  0    Dex:  7    Spells: 6/7 levels left

rFire    . . .     SeeInvis .   (no weapon)
rCold    . . .     Gourm    .   (no shield)
rNeg     . . .     Faith    .   a - +0 robe
rPois    .         Spirit   .   b - +0 hat
rElec    .         Reflect  .   (no cloak)
rCorr    .         Harm     .   (gloves unavailable)
MR       .....                  (boots unavailable)
Stlth    +.........             (no amulet)
HPRegen  0.06/turn              (no ring)
MPRegen  0.09/turn              (no ring)

@: very slightly contaminated
A: large, unfitting armour, tough skin 1
a: no special abilities


You were on level 1 of the Dungeon.
You were not hungry.

You visited 1 branch of the dungeon, and saw 1 of its levels.

Inventory:

Armour
 a - a +0 robe (worn)
 b - a +0 hat (worn)
Comestibles
 d - 2 rations


   Skills:
 + Level 0.4 Fighting
 - Level 1.7 Dodging
 - Level 1.4 Stealth
 + Level 3.6 Spellcasting
 + Level 1.0 Conjurations
   Level 0.8 Summonings
   Level 0.8 Translocations


You had 6 spell levels left.
You knew the following spells:

 Your Spells              Type           Power        Failure   Level  Hunger
a - Magic Dart            Conj           #...         10%         1    None

Your spell library contained the following spells:

 Spells                   Type           Power        Failure   Level  Hunger
 Blink                    Tloc           N/A          16%         2    ##.....
 Call Imp                 Summ           #.......     16%         2    ##.....
 Slow                     Hex            #.......     22%         2    ##.....
 Conjure Flame            Conj/Fire      #.......     34%         3    ###....
 Mephitic Cloud           Conj/Pois/Air  #.......     36%         3    ###....


Dungeon Overview and Level Annotations

Branches:
Dungeon (1/15)

Altars:


Innate Abilities, Weirdness & Mutations

You are too large for most types of armour.
You have tough skin. (AC +1)


Message History

The jackal barks!
You hit the goblin.
The goblin is severely wounded.
You hear an angry hiss.
The goblin hits you.
* * * LOW HITPOINT WARNING * * *
You hit the goblin.
You kill the goblin!
Your Conjurations skill increases to level 1!
Your magical contamination has completely faded away.
There is an open door here.
Casting: Magic Dart (safe; 10% risk of failure)
Confirm with . or Enter, or press ? or * to list all spells.
Aiming: Magic Dart (safe; 10% risk of failure)
Press: ? - help, Shift-Dir - straight line, f - rat
Aim: a rat You miscast Magic Dart.
You are very lightly contaminated with residual magic.
Your skin glows momentarily.
The rat bites you.
You die...

# #.# ## #.#.# ...
##.##.#.# .$..
........##...?.
......#hh...... $#.##
#†##..... #hh# ####
##r###### ###
##@##g#n# #####^#
###...#########g#^###
#H#.>.[...#9#V#####..
###...###.#####......
#####^#.......#####
###########i#c#
#g#c#d#^#####
#########


You could see a minotaur, a dwarf, 3 jackals and a rat.

Vanquished Creatures
  A goblin (D:1)
  A jackal (D:1)
2 creatures vanquished.

Notes
Turn   | Place    | Note
-------+----------+-------------------------------------------
     0 | D:1      | vishdafish the Ogre Wizard began the quest for the Orb.
     0 | D:1      | Reached XP level 1. HP: 16/16 MP: 5/5
     0 | D:1      | Noticed a human
     0 | D:1      | Noticed a gargoyle
     0 | D:1      | Noticed a minotaur
     1 | D:1      | Noticed a spriggan
     3 | D:1      | Noticed a draconian
     3 | D:1      | Noticed an ogre
     6 | D:1      | Noticed a naga
     8 | D:1      | Noticed a centaur
    10 | D:1      | Noticed a spriggan
    12 | D:1      | Noticed a dwarf
    15 | D:1      | Noticed a vampire
    15 | D:1      | Noticed a draconian
    17 | D:1      | Noticed a ghoul
    17 | D:1      | Noticed a gargoyle
    17 | D:1      | Noticed a centaur
    19 | D:1      | Noticed a dwarf
    19 | D:1      | Noticed a dwarf
    21 | D:1      | Noticed a minotaur
    69 | D:1      | Reached skill level 1 in Conjurations
    72 | D:1      | Slain by a rat

Skill      XL: |  1 |
---------------+----+-----
Conjurations   | 1 |  1.0
Fighting       | |  0.4
Dodging        | |  1.7
Stealth        | |  1.4
Spellcasting   | |  3.6
Summonings     | |  0.8
Translocations | |  0.8

Action                   || total
-------------------------++-------
Melee: Unarmed           ||    28
 Cast: Magic Dart        ||     6
Armor: Robe              ||     8
Dodge: Dodged            ||    25
